 Dungeon Crawl Stone Soup version 0.29.0-4-gdea44cf6ec (webtiles) character file.

Game seed: 13497322608044746867

1517 Destructed3 the Ducker (level 8, -1/64 HPs)
             Began as a Gnoll Wanderer on Aug 27, 2022.
             Was an Initiate of Hepliaklqana.
             Killed from afar by an orc wizard (6 damage)
             ... with a magic dart
             ... on level 7 of the Dungeon.
             The game lasted 00:15:45 (6418 turns).

Destructed3 the Ducker (Gnoll Wanderer)             Turns: 6418, Time: 00:15:47

Health: -1/64      AC:  5    Str: 16    XL:     8   Next: 83%
Magic:  15/15      EV: 19    Int: 13    God:    Hepliaklqana [......]
Gold:   358        SH:  0    Dex: 14    Spells: 15/16 levels left

rFire   . . .      SeeInvis .   p - +5 dagger (drain)
rCold   . . .      Faith    .   (no shield)
rNeg    . . .      Spirit   .   d - +2 leather armour
rPois   .          Reflect  .   (no helmet)
rElec   .          Harm     .   (no cloak)
rCorr   .          Rampage  .   (no gloves)
Will    .....                   (no boots)
Stlth   ++........              C - amulet of regeneration
HPRegen 1.00/turn               q - +6 ring of strength
MPRegen 0.14/turn               s - +4 ring of evasion

@: about to teleport
A: fangs 1, strong nose, distributed training
a: Renounce Religion


You were on level 7 of the Dungeon.
You worshipped Hepliaklqana.
Hepliaklqana was noncommittal.
You visited 2 branches of the dungeon, and saw 8 of its levels.

You collected 358 gold pieces.

Inventory:

Hand Weapons
 a - a +0 dagger
 p - a +5 dagger of draining (weapon)
 w - a +4 dagger
 B - a +3 sling of flaming
 D - a +0 short sword of electrocution
 G - a +0 dagger of venom
 K - a +2 short sword of flaming
Missiles
 t - a throwing net
 x - 15 javelins
Armour
 d - a +2 leather armour (worn)
Jewellery
 k - a ring of flight
 n - a ring of poison resistance
 q - a +6 ring of strength (left hand)
 s - a +4 ring of evasion (right hand)
 C - an amulet of regeneration (around neck)
 M - a ring of willpower
Wands
 v - a wand of mindburst (34)
Scrolls
 b - a scroll of silence
 c - 2 scrolls of fog
 h - a scroll of brand weapon
 i - a scroll of vulnerability
 y - a scroll of noise {unknown}
 A - a scroll of immolation {unknown}
 E - 2 scrolls of poison {unknown}
 F - a scroll of fear {unknown}
 H - a scroll of amnesia {unknown}
 I - a scroll of enchant weapon
 J - 2 scrolls of identify
Potions
 e - 2 potions of curing
 f - 3 potions of flight
 g - a potion of ambrosia {unknown}
 j - a potion of lignification {unknown}
 m - 3 potions of degeneration {unknown}
 o - a potion of attraction {unknown}
 r - 2 potions of cancellation {unknown}
 u - 3 potions of invisibility {unknown}
 z - 2 potions of might {unknown}
 L - a potion of brilliance {unknown}
 N - a potion of haste {unknown}


   Skills:
 + Level 6.0 Fighting
 + Level 3.7 Short Blades
 + Level 3.7 Long Blades
 + Level 3.7 Axes
 + Level 3.7 Maces & Flails
 + Level 3.7 Polearms
 + Level 3.7 Staves
 + Level 3.7 Ranged Weapons
 + Level 3.7 Throwing
 + Level 3.7 Armour
 + Level 7.6 Dodging
 + Level 3.7 Stealth
 + Level 3.7 Shields
 + Level 3.7 Unarmed Combat
 + Level 4.7 Spellcasting
 + Level 3.1 Conjurations
 + Level 3.1 Hexes
 + Level 3.1 Summonings
 + Level 3.1 Necromancy
 + Level 3.1 Translocations
 + Level 3.1 Transmutations
 + Level 3.1 Fire Magic
 + Level 3.1 Ice Magic
 + Level 3.1 Air Magic
 + Level 5.0 Earth Magic
 + Level 3.1 Poison Magic
 + Level 5.0 Invocations
 + Level 4.6 Evocations


You had 15 spell levels left.
You knew the following spells:

 Your Spells              Type           Power      Damage    Failure   Level
a - Sandblast             Erth           32%        2d9       3%          1

Your spell library contained the following spells:

 Spells                   Type           Power      Damage    Failure   Level
 Sting                    Tmut/Pois      44%        1d5       6%          1
 Poisonous Vapours        Pois/Air       22%        N/A       10%         2
 Stone Arrow              Conj/Erth      26%        3d8       13%         3
 Olgreb's Toxic Radiance  Pois           11%        N/A       54%         4
 Ozocubu's Refrigeration  Ice            5%         4d8       100%        7
 Ignition                 Fire           5%         3d4       100%        8


Dungeon Overview and Level Annotations

Branches:
Dungeon (7/15)             Temple (1/1) D:6

Altars:
Elyvilon
Fedhas
Gozag
Hepliaklqana
Kikubaaqudgha
Makhleb
Okawaru
Qazlal
Ru
Sif Muna
Trog
Uskayaw
Wu Jian
Xom
Yredelemnul
The Shining One

Annotations:
D:5 Pikel


Innate Abilities, Weirdness & Mutations

You have very sharp teeth.
Your uncanny sense of smell can sniff out nearby items.
Your experience applies equally to all skills.


Message History

Something hits you but does no damage.
You hit the wyvern but do no damage.
The wyvern is lightly wounded.
The wyvern closely misses you.
You hit the wyvern. You drain the wyvern.
The wyvern is moderately wounded.
The wyvern bites you!
* * * LOW HITPOINT WARNING * * *
The orc closely misses you. Something hits you.
* * * LOW HITPOINT WARNING * * *
The wyvern misses you.
You hit the wyvern. You drain the wyvern.
The wyvern is severely wounded.
The orc hits you with a +0 war axe!
* * * LOW HITPOINT WARNING * * *
You hear some strange, mumbled words.
A magic dart appears from out of thin air!
The magic dart hits you.
* * * LOW HITPOINT WARNING * * *
The wyvern misses you.
You hit the wyvern. You bite the wyvern, but do no damage.
The wyvern is severely wounded.
The wyvern misses you. The orc misses you. Something closely misses you.
You hit the wyvern but do no damage.
The wyvern is severely wounded.
The wyvern closely misses you. The orc barely misses you.
Something hits you but does no damage.
You closely miss the wyvern.
The wyvern is severely wounded.
The wyvern barely misses you. The wyvern closely misses you.
The orc misses you. Something hits you.
* * * LOW HITPOINT WARNING * * *
As you read the scroll of teleportation, it crumbles to dust.
You feel strangely unstable.
The wyvern bites you but does no damage.
The orc closely misses you.
You hear some strange, mumbled words.
A magic dart appears from out of thin air!
The magic dart hits you.
You die...

.###.# .#...####
#.......#
##.......#
<.......#
#.......# ..
#.......# ...
#.@.....#
#..####{lo....#
#....#........#
##..#........#
##............#
##......†......#
#.........####...
....##......#...
.... #.####.# ##


You could see a wyvern (very drained) and an orc.

Vanquished Creatures
  2 water moccasins
  A black bear (D:5)
  2 ice beasts (D:5)
  An ogre (D:5)
  A phantom (D:4)
  3 lemures (D:6)
  3 scorpions (D:5)
  A necrophage (D:4)
  A jelly (D:5)
  2 orc priests (D:6)
  4 hounds
  Terence (D:3)
  A gnoll bouda (D:5)
  5 iguanas
  A mummy (D:6)
  7 adders
  5 gnolls (D:5)
  4 worms
  6 dart slugs
  17 orcs
  4 endoplasms
  8 giant cockroaches
  9 goblins
  5 hobgoblins
  8 quokkas
  7 ball pythons
  3 bats
  A frilled lizard (D:2)
  A goblin zombie (D:6)
  A hobgoblin zombie (D:6)
  9 kobolds
  7 rats
131 creatures vanquished.

Notes
Turn   | Place    | Note
-------+----------+-------------------------------------------
     0 | D:1      | Destructed3 the Gnoll Wanderer began the quest for the Orb.
     0 | D:1      | Destructed3 set off with the following items: a +0 dagger,
                  | a scroll of silence, a scroll of fog, a +2 leather armour;
                  | and the following spell memorised: Sandblast; and the
                  | following spells available to memorise: Stone Arrow.
     0 | D:1      | Reached XP level 1. HP: 20/20 MP: 4/4
   103 | D:1      | Reached XP level 2. HP: 24/26 MP: 5/5
  1388 | D:2      | Reached XP level 3. HP: 12/31 MP: 7/7
  1855 | D:2      | Reached skill level 1 in Short Blades
  1855 | D:2      | Reached skill level 1 in Long Blades
  1855 | D:2      | Reached skill level 1 in Axes
  1855 | D:2      | Reached skill level 1 in Maces & Flails
  1855 | D:2      | Reached skill level 1 in Polearms
  1855 | D:2      | Reached skill level 1 in Staves
  1855 | D:2      | Reached skill level 1 in Ranged Weapons
  1855 | D:2      | Reached skill level 1 in Throwing
  1855 | D:2      | Reached skill level 1 in Armour
  1855 | D:2      | Reached skill level 1 in Stealth
  1855 | D:2      | Reached skill level 1 in Shields
  1855 | D:2      | Reached skill level 1 in Unarmed Combat
  1873 | D:2      | Found a hide-covered altar of Uskayaw.
  2098 | D:2      | Reached XP level 4. HP: 35/38 MP: 8/8
  2444 | D:2      | Reached skill level 1 in Conjurations
  2444 | D:2      | Reached skill level 1 in Hexes
  2444 | D:2      | Reached skill level 1 in Summonings
  2444 | D:2      | Reached skill level 1 in Necromancy
  2444 | D:2      | Reached skill level 1 in Translocations
  2444 | D:2      | Reached skill level 1 in Transmutations
  2444 | D:2      | Reached skill level 1 in Fire Magic
  2444 | D:2      | Reached skill level 1 in Ice Magic
  2444 | D:2      | Reached skill level 1 in Air Magic
  2444 | D:2      | Reached skill level 1 in Poison Magic
  2768 | D:3      | Noticed Terence
  2778 | D:3      | Killed Terence
  2869 | D:3      | Reached XP level 5. HP: 43/43 MP: 9/9
  2977 | D:3      | Found a faded altar of an unknown god.
  3507 | D:4      | Noticed a phantom
  3522 | D:4      | Killed a phantom
  3523 | D:4      | Reached XP level 6. HP: 31/50 MP: 9/11
  3751 | D:4      | Noticed a water moccasin
  3763 | D:4      | Killed a water moccasin
  3764 | D:4      | Reached skill level 5 in Fighting
  4059 | D:4      | Reached skill level 7 in Dodging
  4059 | D:4      | Reached XP level 7. HP: 35/55 MP: 12/12
  4355 | D:5      | Entered Level 5 of the Dungeon
  4420 | D:5      | Found an iron altar of Okawaru.
  4653 | D:5      | Reached XP level 8. HP: 46/63 MP: 14/14
  5173 | D:5      | You fall into a shaft and drop 1 floor!
  5416 | D:6      | Found a shimmering blue altar of Sif Muna.
  5809 | D:6      | Found a sand-covered staircase.
  5914 | D:6      | Found a staircase to the Ecumenical Temple.
  5919 | Temple   | Entered the Ecumenical Temple
  5983 | Temple   | Became a worshipper of Hepliaklqana the Forgotten
  6009 | D:6      | Noticed Pikel
  6397 | D:7      | Noticed a wyvern
  6404 | D:7      | Reached skill level 5 in Earth Magic
  6404 | D:7      | Reached skill level 5 in Invocations
  6418 | D:7      | Killed from afar by an orc wizard

Illustrated notes

Levels and vault maps discovered:
D:1:      spicycebolla_arrival_transporter_tutorial, layout_basic
D:2:      layout_loops_ring, basic_altar
D:3:      layout_basic, hellmonk_ecumenical_altar_leap_of_faith, uniq_terence
D:4:      layout_rooms
D:5:      layout_basic, mainiacjoe_overflow_cross_hatched
D:6:      layout_loops_ring, mainiacjoe_overflow_six_doors_small,
          temple_doors_ab, gup_sewer_entry_pipe, nicolae_ossuary_entry_giza,
          moated_statue, corexii_shack, uniq_pikel
D:7:      layout_basic, nicolae_ashenzari_panopticon
Temple:   cyrus_circular_temple

Skill      XL: |  1  2  3  4  5  6  7  8 |
---------------+-------------------------+-----
Short Blades   | 1 2 3 |  3.7
Long Blades    | 1 2 3 |  3.7
Axes           | 1 2 3 |  3.7
Maces & Flails | 1 2 3 |  3.7
Polearms       | 1 2 3 |  3.7
Staves         | 1 2 3 |  3.7
Ranged Weapons | 1 2 3 |  3.7
Throwing       | 1 2 3 |  3.7
Armour         | 1 2 3 |  3.7
Stealth        | 1 2 3 |  3.7
Shields        | 1 2 3 |  3.7
Unarmed Combat | 1 2 3 |  3.7
Spellcasting   | 3 4 |  4.7
Conjurations   | 1 2 3 |  3.1
Hexes          | 1 2 3 |  3.1
Summonings     | 1 2 3 |  3.1
Necromancy     | 1 2 3 |  3.1
Translocations | 1 2 3 |  3.1
Transmutations | 1 2 3 |  3.1
Fire Magic     | 1 2 3 |  3.1
Ice Magic      | 1 2 3 |  3.1
Air Magic      | 1 2 3 |  3.1
Poison Magic   | 1 2 3 |  3.1
Invocations    | 3 4 5 |  5.0
Evocations     | 3 4 |  4.6
Earth Magic    | 4 5 |  5.0
Fighting       | 5 6 |  6.0
Dodging        | 7 |  7.6

Action                   |  1- 3 |  4- 6 |  7- 9 || total
-------------------------+-------+-------+-------++-------
Melee: Dagger            |   125 |   158 |   264 ||   547
       Bite              |    16 |    14 |    29 ||    59
       Punch             |     1 |     3 |     9 ||    13
  Use: Scroll            |       |     6 |     4 ||    10
       Potion            |       |       |     1 ||     1
 Stab: Sleeping          |       |     1 |     7 ||     8
Armor: Leather armour    |    31 |    25 |    35 ||    91
Dodge: Dodged            |    94 |   131 |   233 ||   458
